 Dungeon Crawl Stone Soup version 0.20.1-1-g8b1a95d (webtiles) character file.

3117 Asgaroth the Covert (level 10, -1/56 HPs)
             Began as a Kobold Berserker on Sept 23, 2017.
             Was a High Priest of Trog.
             Slain by a sky beast (6 damage)
             ... on level 7 of the Dungeon.
             The game lasted 00:23:19 (8186 turns).

Asgaroth the Covert (Kobold Berserker)              Turns: 8186, Time: 00:23:20

Health: -1/56      AC:  6    Str: 15    XL:     10   Next: 14%
Magic:  10/10      EV: 20    Int:  8    God:    Trog [*****.]
Gold:   382        SH:  0    Dex: 23    Spells: 9/9 levels left

rFire    . . .     SeeInvis .   a - +0 short sword
rCold    . . .     Gourm    .   (shield restricted)
rNeg     . . .     Faith    .   F - +0 troll leather armour {Purgy}
rPois    .         Spirit   .   i - +0 helmet
rElec    .         Reflect  .   (no cloak)
rCorr    .         Harm     .   g - +0 pair of gloves
MR       .....                  (no boots)
Stlth    +++++++...             C - amulet of regeneration
Regen    1.0/turn               (no ring)
MPRegen  0.2/turn               (no ring)

@: agile, berserk cooldown, flying, slowed, very slow
A: carnivore 3
a: Berserk, Trog's Hand, Brothers in Arms, Burn Spellbooks, Renounce Religion


You were on level 7 of the Dungeon.
You worshipped Trog.
Trog was extremely pleased with you.
You were not hungry.

You visited 1 branch of the dungeon, and saw 7 of its levels.
You also visited: Sewer.

You collected 382 gold pieces.

Inventory:

Hand Weapons
 a - a +0 short sword (weapon)
 b - a +0 hand crossbow
Armour
 g - a +0 pair of gloves (worn)
 i - a +0 helmet (worn)
 F - a +0 troll leather armour (worn) {Purgy}
Jewellery
 C - an amulet of regeneration (around neck)
 E - a +4 ring of dexterity {unknown}
Wands
 o - a wand of paralysis (17/24)
 v - a wand of digging (13/24)
 x - a wand of confusion (38/48)
 A - a wand of clouds (1/9)
 D - a wand of paralysis (11/24)
Scrolls
 e - a scroll of enchant weapon {unknown}
 f - 2 scrolls of remove curse
 h - 3 scrolls of recharging
 j - 2 scrolls of blinking {unknown}
 l - 2 scrolls of noise {unknown}
 r - 2 scrolls of magic mapping {unknown}
 u - 5 scrolls of teleportation {unknown}
 w - 2 scrolls of fear {unknown}
 y - 2 scrolls of identify {unknown}
 z - a scroll of immolation {unknown}
 G - a scroll of random uselessness {unknown}
 H - a scroll of enchant armour {unknown}
Potions
 k - a potion of berserk rage {unknown}
 m - a potion of lignification {unknown}
 p - a potion of mutation {unknown}
 s - a potion of heal wounds {unknown}
 t - 4 potions of flight
 B - a potion of brilliance {unknown}
Books
 n - a book of Enchantments

   Spells                             Type                      Level
   a - Cause Fear                     Hexes                        4
   b - Yara's Violent Unravelling     Hexes/Transmutation          5
   c - Silence                        Hexes/Air                    5
   d - Deflect Missiles               Charms/Air                   6
   e - Discord                        Hexes                        8
   Trog disapproves of the use of such an item.
Comestibles
 c - 3 meat rations
 q - 2 royal jellies


   Skills:
 - Level 3.2 Fighting
 + Level 12.4 Short Blades
 - Level 2.2 Crossbows
 - Level 1.5 Armour
 - Level 2.4 Dodging
 + Level 13.0 Stealth


You had 9 spell levels left.
You didn't know any spells.

Dungeon Overview and Level Annotations

Branches:
Dungeon (7/15)             Temple (0/1) D:5

Altars:
Ashenzari
Cheibriados
Gozag
Hepliaklqana
Nemelex Xobeh
Qazlal
Xom
Zin


Innate Abilities, Weirdness & Mutations

You are small and have problems with some larger weapons.
You are carnivorous and can eat meat at any time.


Message History

The sky beast is almost dead.
You hit the sky beast but do no damage.
The sky beast is almost dead.
The sky beast barely misses you.
You hit the sky beast.
The sky beast is almost dead.
The sky beast flickers out of sight!
Deactivating autopickup; reactivate with Ctrl-A.
Something misses you.
You miss something. Something hits you.
* * * LOW HITPOINT WARNING * * *
Something shocks you.
* * * LOW HITPOINT WARNING * * *
You hit something but do no damage. You hit something but do no damage.
A sky beast appears from thin air!
Reactivating autopickup.
The sky beast hits you.
* * * LOW HITPOINT WARNING * * *
The sky beast shocks you.
You die...

####.. .....# ###..
.....## #...)
.......###..##
...#.#.....#..
##...........>.#
#..(..........## ##
####...............
#..##.@.%............##
.......Y...##..........#
.......#............#...
......#...#########.#.#.
##.####?..# #.#.## ..
##...# ####.#.## #
###....# #...$....
####...[%## #........
#......#.#### #........


You could see a sky beast.

Vanquished Creatures
  The ghost of Frank the Shield-Bearer, a novice OpFi (D:5)
  Prince Ribbit (D:6)
  A hungry ghost (D:7)
  Edmund (D:4)
  2 sky beasts (D:6)
  Purgy (Sewer)
  An ice beast (D:6)
  A phantom (D:5)
  3 centaurs
  4 ogres
  The ghost of Frank the Skirmisher, an amateur OpFi (D:3)
  2 bullfrogs
  A water moccasin skeleton (D:6)
  2 howler monkeys
  2 crimson imps (D:7)
  4 orc priests
  3 hounds
  6 orc wizards
  Jessica (D:2)
  7 worker ants
  A hound skeleton (D:4)
  13 adders
  2 howler monkey skeletons (D:4)
  3 oozes
  An adder skeleton (D:4)
  4 worms
  6 dart slugs
  3 leopard geckos
  32 orcs
  7 giant cockroaches
  9 goblins
  4 hobgoblins
  26 jackals
  A quokka (D:2)
  2 ball pythons
  11 bats
  8 frilled lizards
  7 kobolds
  4 rats
189 creatures vanquished.

Notes
Turn   | Place    | Note
-------+----------+-------------------------------------------
     0 | D:1      | Asgaroth the Kobold Berserker began the quest for the Orb.
     0 | D:1      | Reached XP level 1. HP: 14/14 MP: 1/1
   231 | D:1      | Reached skill level 1 in Stealth
   643 | D:1      | Reached XP level 2. HP: 19/19 MP: 2/2
   711 | D:1      | Reached skill level 2 in Stealth
  1151 | D:1      | Reached XP level 3. HP: 23/23 MP: 3/3
  1265 | D:1      | Reached skill level 3 in Stealth
  1440 | D:1      | Reached skill level 5 in Short Blades
  1649 | D:2      | Reached XP level 4. HP: 27/28 MP: 4/4
  1774 | D:2      | Found a hazy altar of Hepliaklqana.
  1775 | D:2      | Found a stormy altar of Qazlal.
  1781 | D:2      | Reached ** piety under Trog
  1810 | D:2      | Noticed Jessica
  1819 | D:2      | Killed Jessica
  1819 | D:2      | Reached skill level 4 in Stealth
  2200 | D:2      | Reached XP level 5. HP: 31/32 MP: 5/5
  2939 | D:3      | Reached *** piety under Trog
  2971 | D:3      | Reached skill level 5 in Stealth
  2971 | D:3      | Reached XP level 6. HP: 33/37 MP: 6/6
  3352 | D:3      | Noticed Frank's ghost (amateur OpFi)
  3492 | D:3      | Killed Frank's ghost
  3492 | D:3      | Reached skill level 6 in Stealth
  3942 | D:3      | Reached XP level 7. HP: 41/41 MP: 7/7
  3989 | D:3      | Reached **** piety under Trog
  3989 | D:3      | Reached skill level 7 in Stealth
  4696 | D:4      | Noticed Edmund
  4708 | D:4      | Reached skill level 8 in Stealth
  4784 | D:4      | Reached XP level 8. HP: 46/46 MP: 8/8
  5143 | D:4      | Killed Edmund
  5199 | D:5      | Entered Level 5 of the Dungeon
  5242 | D:5      | Reached skill level 9 in Stealth
  5906 | D:5      | Found a staircase to the Ecumenical Temple.
  5931 | D:5      | Found Qekliox's Antique Armour Shoppe.
  6024 | D:5      | Reached skill level 10 in Short Blades
  6024 | D:5      | Reached skill level 10 in Stealth
  6297 | D:5      | Noticed Frank's ghost (novice OpFi)
  6309 | D:5      | Killed Frank's ghost
  6309 | D:5      | Reached XP level 9. HP: 51/51 MP: 9/9
  6370 | D:5      | Found a shimmering altar of Xom.
  6377 | D:5      | Found an opulent altar of Gozag.
  6378 | D:5      | Found a glowing silver altar of Zin.
  6381 | D:5      | Found a shattered altar of Ashenzari.
  6382 | D:5      | Found a snail-covered altar of Cheibriados.
  6433 | D:5      | Reached skill level 11 in Stealth
  6572 | D:6      | Noticed Prince Ribbit
  6575 | D:6      | Killed Prince Ribbit
  6880 | D:6      | Reached skill level 1 in Crossbows
  7050 | D:6      | Found a glowing drain.
  7075 | Sewer    | Entered a sewer
  7078 | Sewer    | Noticed Purgy
  7080 | Sewer    | Killed Purgy
  7080 | Sewer    | Reached skill level 12 in Stealth
  7194 | Sewer    | Reached ***** piety under Trog
  7857 | D:7      | Reached XP level 10. HP: 56/56 MP: 10/10
  7955 | D:7      | Found a sparkling altar of Nemelex Xobeh.
  8156 | D:7      | Reached skill level 13 in Stealth
  8186 | D:7      | Slain by a sky beast

Skill      XL: |  1  2  3  4  5  6  7  8  9 10 |
---------------+-------------------------------+-----
Stealth        | 1 2 3 4 5 6 8 10 12 13 | 13.0
Short Blades   | 5 6 7 8 10 12 | 12.4
Crossbows      | 2 |  2.2
Fighting       | |  3.2
Armour         | |  1.5
Dodging        | |  2.4

Action                   |  1- 3 |  4- 6 |  7- 9 | 10-12 || total
-------------------------+-------+-------+-------+-------++-------
Melee: Short sword       |   122 |   259 |   408 |   109 ||   898
Invok: Berserk           |     5 |     7 |    11 |     3 ||    26
       Trog's Hand       |       |       |       |     1 ||     1
  Use: Scroll            |       |       |     2 |       ||     2
       Potion            |       |       |       |     2 ||     2
 Stab: Sleeping          |       |     1 |    22 |     1 ||    24
       Distracted        |       |     1 |     1 |       ||     2
  Eat: Chunk             |    16 |    13 |    22 |     4 ||    55
Armor: Scale mail        |    60 |    46 |       |       ||   106
       Ring mail         |       |    17 |    60 |       ||    77
       Troll leather arm |       |       |     3 |    21 ||    24
Dodge: Dodged            |    99 |   144 |   179 |    47 ||   469
